Map: Berlingrad EC

Players

Classic - Winner!

  • Race: Protoss Protoss

ByuL

  • Race: Zerg Zerg

Event: DreamHack SC2 Masters Last Chance 2022

VOD

Have the link to the VOD?

Description

Time

  • Played on: Dec. 15, 2021, 5:19 a.m.
  • Length: 7:39

All games in this series

Show
View Real Time Build Order
Export as new Build Order

Classic Protoss - Winner!

Build Orders: 1 Gate Expand, Oracle Opening 

Get SALT Encoding   

  12  0:00  Probe  
  13  0:12  Probe  
  14  0:18  Pylon  
  14  0:24  Probe  
  15  0:36  Probe (Chrono Boost)  
  15  0:38  Gateway  
  16  0:46  Assimilator, Probe (Chrono Boost)  
  17  0:51  Probe (Chrono Boost)  
  18  1:03  Probe  
  19  1:15  Probe  
  20  1:23  Nexus  
  20  1:27  Probe  
  21  1:37  Cybernetics Core  
  21  1:41  Probe  
  21  1:45  Assimilator  
  22  1:52  Pylon  
  22  1:55  Probe  
  23  2:10  Adept (Chrono Boost), Probe  
  26  2:19  Stargate  
  26  2:22  Probe  
  27  2:25  Warp Gate  
  27  2:33  Adept  
  27  2:35  Probe x2 (Chrono Boost)  
  33  2:44  Probe (Chrono Boost)  
  33  2:45  Probe (Chrono Boost)  
  33  2:49  Probe (Chrono Boost)  
  33  2:50  Probe (Chrono Boost)  
  33  2:54  Void Ray (Chrono Boost)  
  35  3:01  Probe  
  35  3:02  Probe  
  41  3:09  Pylon  
  41  3:13  Probe  
  41  3:14  Probe  
  40  3:27  Gateway  
  40  3:28  Oracle (Chrono Boost)  
  40  3:30  Adept  
  40  3:32  Probe  
  40  3:34  Probe  
  47  3:44  Probe  
  47  3:46  Probe  
  49  3:49  Twilight Council  
  49  3:57  Probe  
  49  3:58  Probe  
  49  4:01  Pylon  
  51  4:06  Nexus  
  51  4:13  Gateway  
  51  4:16  Gateway  
  51  4:23  Adept x2  
  55  4:25  Probe  
  56  4:32  Resonating Glaives (Chrono Boost), Assimilator  
  56  4:34  Assimilator  
  56  4:36  Probe  
  56  4:37  Probe  
  56  4:38  Pylon  
  58  4:47  Adept x2  
  58  4:50  Pylon  
  62  4:54  Robotics Facility  
  62  4:59  Probe x2  
  64  5:03  Pylon  
  64  5:09  Adept x3  
  64  5:12  Adept  
  72  5:17  Probe x2  
  72  5:18  Probe  
  75  5:30  Adept  
  75  5:31  Adept x2  
  75  5:33  Adept  
  84  5:37  Pylon  
  84  5:40  Probe x2  
  84  5:41  Probe  
  86  5:47  Forge  
  86  5:52  Adept x2  
  86  5:53  Adept  
  92  6:01  Immortal  
  94  6:16  Sentry x4  
  94  6:18  Probe x2  
  104  6:20  Pylon  
  92  6:38  Probe x2  
  90  6:40  Immortal (Chrono Boost)  
  90  6:42  Gateway  
  90  6:44  Gateway  
  92  6:47  Gateway  
  92  6:51  Sentry x2  
  92  6:52  Stalker x2  
  100  7:00  Gateway  
  96  7:02  Shield Battery  
  96  7:03  Pylon  
  96  7:04  Shield Battery  
  94  7:11  Shield Battery  
  94  7:14  Photon Cannon  
  90  7:21  Stalker x2  
  93  7:25  Stalker  
  87  7:34  Stalker  
Show
View Real Time Build Order
Export as new Build Order

ByuL Zerg 

Build Orders: Hatch First 

Get SALT Encoding   

  12  0:00  Drone  
  13  0:12  Overlord  
  13  0:17  Drone  
  14  0:31  Drone x2  
  16  0:48  Hatchery  
  15  0:51  Drone  
  15  0:55  Drone  
  17  0:58  Drone  
  18  1:09  Extractor  
  17  1:13  Spawning Pool  
  17  1:17  Drone  
  17  1:20  Drone  
  18  1:28  Drone  
  19  1:38  Drone  
  20  1:50  Overlord  
  20  2:02  Queen x2  
  20  2:03  Zergling x4  
  26  2:11  Drone x2  
  28  2:16  Metabolic Boost  
  28  2:26  Drone x2  
  30  2:32  Drone x2  
  32  2:38  Queen  
  34  2:48  Hatchery  
  33  2:54  Overlord  
  33  2:56  Zergling x2  
  33  2:58  Drone x2  
  35  3:12  Drone  
  35  3:13  Drone x2  
  35  3:14  Drone x3  
  35  3:15  Drone  
  39  3:20  Queen  
  39  3:23  Drone  
  42  3:29  Spore Crawler  
  42  3:32  Queen  
  44  3:35  Overlord  
  44  3:37  Overlord  
  44  3:43  Spore Crawler  
  43  3:55  Spore Crawler  
  42  3:56  Drone  
  42  3:58  Queen  
  42  4:01  Zergling x6  
  48  4:03  Drone  
  48  4:04  Drone x4  
  48  4:08  Drone x2  
  55  4:14  Drone x2  
  57  4:22  Overlord  
  56  4:24  Overlord  
  56  4:25  Drone  
  56  4:30  Overlord  
  56  4:31  Drone  
  56  4:34  Lair  
  56  4:37  Drone, Roach Warren  
  57  4:41  Drone  
  57  4:42  Drone x3  
  57  4:43  Drone  
  62  4:45  Drone  
  62  4:47  Drone  
  62  4:51  Drone x3  
  67  4:55  Extractor  
  67  4:56  Queen, Extractor  
  67  5:00  Drone x2  
  67  5:02  Extractor  
  67  5:05  Drone  
  67  5:06  Drone x2  
  71  5:10  Overlord  
  71  5:13  Queen  
  73  5:18  Drone x3  
  76  5:24  Overlord  
  76  5:35  Drone, Spire  
  74  5:36  Drone x2  
  74  5:39  Glial Reconstitution  
  74  5:41  Roach x5  
  74  5:42  Evolution Chamber  
  86  5:43  Queen  
  86  5:44  Roach x3  
  86  5:49  Zergling x2, Evolution Chamber, Roach  
  96  5:51  Zergling x2  
  96  5:53  Spore Crawler  
  94  6:03  Roach x2  
  98  6:08  Zergling x2  
  94  6:15  Zergling x6  
  78  6:21  Zergling x6  
  78  6:32  Zergling x2, Roach x2  
  81  6:35  Roach  
  81  6:38  Roach x2  
  81  6:43  Roach  
  81  6:44  Roach  
  80  6:48  Zergling x2  
  80  6:53  Zergling x2  
  77  6:57  Zergling x2  
  77  6:58  Zergling x2  
  77  7:03  Zergling x2  
  69  7:17  Zergling x2  
  69  7:18  Zergling x8  

Tags
 
Add a new tag
Caveats
  • Supply blocks, unpowered buildings, or Contaminate may cause inaccurate times.
  • Supply counts are checked every 10 seconds.